 Dungeon Crawl Stone Soup version 0.32-a0-868-g153ae1a8d6 (webtiles) character file.

Game seed: 2660820435167016101

163583 greenreed the Slayer (level 17, -5/135 (155) HPs)
             Began as a Minotaur Fighter on Mar 29, 2024.
             Was the Champion of Makhleb.
             Killed from afar by a laughing skull (10 damage)
             ... with a bolt of negative energy
             ... on level 2 of the Abyss.
             The game lasted 01:35:18 (34621 turns).

greenreed the Slayer (Minotaur Fighter)            Turns: 34621, Time: 01:35:18

HP:   -5/135 (155)  AC: 26    Str: 27 (28) XL:     17   Next: 24%
MP:   22/22         EV:  7    Int:  5      God:    Makhleb [******]
Gold: 2405          SH: 20    Dex: 11      Spells: 16/16 levels left

rFire   . . .        W - +2 morningstar (protect)
rCold   . . .        K - +2 tower shield {reflect}
rNeg    + . .        F - +4 chain mail of the Eight Friends {rN+ Stlth+}
rPois   +            (helmet restricted)
rElec   +            H - +0 cloak {Will+}
rCorr   .            P - +2 pair of gloves
SInv    .            q - +0 pair of boots
Will    +++..        y - amulet of faith Stlth
                     O - ring of flight
HPRegen 0.42/turn    c - ring of willpower
MPRegen 0.18/turn

%: reflection, faith
@: flying, heavily drained
A: horns 2, retaliatory headbutt, iridescent scales 1, poison resistance,
electricity resistance, [deterioration 1], [frail 1], [low MP 1]
a: Renounce Religion, Minor Destruction, Lesser Servant of Makhleb, Major
Destruction, Greater Servant of Makhleb


You were on level 2 of the Abyss.
You worshipped Makhleb.
Makhleb was exalted by your worship.
You visited 5 branches of the dungeon, and saw 25 of its levels.
You visited the Abyss 1 time.
You also visited: Gauntlet.

You collected 2717 gold pieces.
You spent 312 gold pieces at shops.

Inventory:

Hand Weapons
 W - a +2 morningstar of protection (weapon)
Armour
 q - a +0 pair of boots (worn)
 F - the +4 chain mail of the Eight Friends (worn) {rN+ Stlth+}
   (You found it on level 5 of the Lair of Beasts)

   rN+:       It protects you from negative energy.
   Stlth+:    It makes you more stealthy.
 H - a +0 cloak of willpower (worn)
 K - a +2 tower shield of reflection (worn)
 P - a +2 pair of gloves (worn)
 R - a +1 chain mail of poison resistance
Jewellery
 c - a ring of willpower (right hand)
 k - a ring of magical power
 r - a ring of willpower
 s - a +4 ring of slaying
 x - a +4 ring of protection
 y - an amulet of faith (around neck)
 O - a ring of flight (left hand)
 X - the amulet "Wueqah" {Acrobat Str+4 Slay+3}
   (You took it off an orc wizard on level 13 of the Dungeon)

   [amulet of the acrobat]

   Acrobat:   It increases your evasion while moving and waiting.
   Str+4:     It affects your strength (+4).
   Slay+3:    It affects your accuracy & damage with ranged weapons and melee
   (+3).
Wands
 i - a wand of iceblast (10)
 v - a wand of quicksilver (18)
 D - a wand of flame (23)
 G - a wand of digging (5)
 M - a wand of polymorph (8)
 T - a wand of charming (9)
 U - a wand of mindburst (16)
Scrolls
 e - a scroll of summoning
 f - 8 scrolls of immolation
 g - 8 scrolls of enchant armour
 h - 8 scrolls of revelation
 p - 6 scrolls of teleportation
 w - 3 scrolls of enchant weapon
 C - 2 scrolls of blinking
 I - 3 scrolls of fear
 N - 2 scrolls of poison
 S - 6 scrolls of fog
Potions
 b - a potion of ambrosia
 d - 2 potions of might
 j - 8 potions of brilliance
 l - 2 potions of resistance {unknown}
 m - 3 potions of mutation
 n - a potion of invisibility
 o - 5 potions of curing
 u - 2 potions of cancellation {unknown}
 z - 2 potions of attraction
 A - 2 potions of enlightenment {unknown}
 B - a potion of haste {unknown}
 E - 2 potions of magic {unknown}
 Q - a potion of degeneration {unknown}
 V - 2 potions of lignification {unknown}
Miscellaneous
 a - a condenser vane
 t - a lightning rod (4/4)
 Y - a box of beasts


   Skills:
 * Level 21.3 Fighting
 - Level 17.2 Maces & Flails
 + Level 16.0 Armour
 + Level 15.9 Shields
 + Level 12.5 Invocations


You had 16 spell levels left.
You didn't know any spells.
Your spell library contained the following spells:

 Spells                   Type           Power      Damage    Failure   Level
 Necrotise                Necr           0%         1d4       97%         1
 Mercury Vapours          Alch/Air       0%         N/A       99%         2
 Static Discharge         Conj/Air       0%         3-3/arc   99%         2
 Sublimation of Blood     Necr           0%         N/A       99%         2
 Call Canine Familiar     Summ           0%         N/A       100%        3
 Hailstorm                Conj/Ice       0%         3d5       100%        3
 Inner Flame              Hex/Fire       0%         N/A       100%        3
 Mephitic Cloud           Conj/Alch/Air  0%         N/A       100%        3
 Sigil of Binding         Hex            0%         N/A       100%        3
 Summon Ice Beast         Ice/Summ       0%         N/A       100%        3
 Teleport Other           Tloc           0%         N/A       100%        3
 Tukima's Dance           Hex            0%         N/A       100%        3
 Vampiric Draining        Necr           0%         2d6       100%        3
 Airstrike                Air            0%         2d(0-16)  100%        4
 Brom's Barrelling Bould  Conj/Erth      0%         2d3       100%        4
 Dimensional Bullseye     Hex/Tloc       0%         N/A       100%        4
 Martyr's Knell           Necr/Summ      0%         N/A       100%        4
 Maxwell's Portable Pile  Tloc           0%         2d(5-10)  100%        4
 Passage of Golubria      Tloc           0%         N/A       100%        4
 Petrify                  Alch/Erth      0%         N/A       100%        4
 Summon Lightning Spire   Summ/Air       0%         N/A       100%        4
 Arcjolt                  Conj/Air       0%         1d10      100%        5
 Curse of Agony           Necr           0%         N/A       100%        5
 Fireball                 Conj/Fire      0%         3d3       100%        5
 Freezing Cloud           Conj/Ice/Air   0%         6-21      100%        5
 Irradiate                Conj/Alch      0%         3d11      100%        5
 Iskenderun's Battlesphe  Conj           0%         2d6       100%        5
 Yara's Violent Unravell  Hex/Alch       0%         3d3       100%        5
 Conjure Ball Lightning   Conj/Air       0%         3x3d6     100%        6
 Dispersal                Tloc           0%         N/A       100%        6
 Gell's Gavotte           Tloc           0%         2d(11-16) 100%        6
 Permafrost Eruption      Ice/Erth       0%         2x4d2     100%        6
 Sculpt Simulacrum        Ice/Alch       0%         N/A       100%        6
 Orb of Destruction       Conj           0%         9d5       100%        7
 Ignition                 Fire           0%         3d3       100%        8
 Maxwell's Capacitive Co  Air            0%         ∞         100%        8


Dungeon Overview and Level Annotations

Branches:
Dungeon (15/15)            Temple (1/1) D:4            Lair (5/5) D:9
 Shoals (2/4) Lair:2       Spider (0/4) Lair:2        Slime (0/5) Lair:5
    Orc (2/2) D:11            Elf (0/3) Orc:2        Vaults (0/5) D:13
 Depths (0/4) D:15        Gauntlet (visited)

Altars:
Ashenzari
Cheibriados
Dithmenos
Elyvilon
Fedhas
Gozag
Hepliaklqana
Kikubaaqudgha
Makhleb
Nemelex Xobeh
Okawaru
Qazlal
Ru
Sif Muna
Trog
Uskayaw
Vehumet
Wu Jian
Xom
Yredelemnul
Zin
The Shining One
Beogh
Jiyva

Shops:
D:1 ?   D:7 [*   Orc:2 ([*:

Annotations:
Lair:4 2 transporters, Beptyvonn's ghost, journeyman FeWn
Lair:5 2 transporters, Xavori's ghost, journeyman DjCK
Shoals:2 Ilsuiw
Orc:1 Biggs's ghost, adept CoHu


Innate Abilities, Weirdness & Mutations

You have a pair of horns on your head.
You reflexively headbutt those who attack you in melee.
You are partially covered in iridescent scales. (AC +2)
Your system is resistant to poisons. (rPois)
You are resistant to electric shocks. (rElec)
[Your body sometimes deteriorates upon taking damage.]
[You are frail. (-10% HP)]
[Your magical capacity is low. (-10% MP)]


Message History

You block the laughing skull's attack.
A laughing skull comes into view.
You closely miss the laughing skull.
The laughing skull gives a hideous shriek!
The laughing skull cackles spitefully.
The bolt of negative energy hits you! You partially resist.
You feel drained.
The laughing skull headbutts you but does no damage.
You closely miss the laughing skull.
The laughing skull completely misses you.
The laughing skull cackles spitefully.
The bolt of negative energy hits the laughing skull.
The laughing skull completely resists.
The bolt of negative energy hits you! You partially resist.
You feel drained.
* * * LOW HITPOINT WARNING * * *
You block the laughing skull's attack. x2
The laughing skull lets out a vicious peal of laugher.
The bolt of negative energy hits you. You partially resist.
You feel drained.
* * * LOW HITPOINT WARNING * * *
You block the laughing skull's attack. You block the laughing skull's attack.
The laughing skull gibbers with scorn.
The bolt of negative energy misses the laughing skull.
The bolt of negative energy misses you.
The laughing skull headbutts you but does no damage.
You miss the laughing skull.
Your headbutt misses the laughing skull.
You block the laughing skull's attack.
The laughing skull gibbers with scorn.
The bolt of negative energy misses the laughing skull.
The bolt of negative energy hits you! You partially resist.
You feel drained.
* * * LOW HITPOINT WARNING * * *
The laughing skull gibbers with scorn.
The bolt of negative energy hits you! You partially resist.
You feel drained.
* * * LOW HITPOINT WARNING * * *
The laughing skull cackles spitefully.
The bolt of negative energy hits the laughing skull.
The laughing skull completely resists.
The bolt of negative energy hits you! You partially resist.
You feel drained.
You die...
The laughing skull crumbles to pieces from sheer joy.

.#### ....
#... ##...
...## # #
...# ..
###..##.
#..@# .# #
#...##.#
....####zz#
#..z.z#.#
#.#...z#.#
#...#.z#...
#.
##.#...###
.. #.#..##
# ....#.


You could see 3 laughing skulls.

Vanquished Creatures
  Saint Roka (Orc:2)
  An orc warlord (Orc:2)
  A cacodemon (Gauntlet)
  Nessos (D:13)
  A dire elephant (D:15)
  A merfolk javelineer (Shoals:1)
  Snorg (Orc:1)
  The ghost of Qonolay the Grappler, a journeyman DrSh of Hepliaklqana (D:12)
  A spriggan zombie (Abyss:2)
  A merfolk impaler (Shoals:2)
  Fannar (Lair:1)
  Erolcha (Orc:1)
  4 ogre magi
  11 hydras
  2 boulder beetles
  3 catoblepae (Lair:5)
  A merfolk avatar (Shoals:2)
  19 two-headed ogres
  Erica (Lair:1)
  An orc high priest (Orc:1)
  5 centaur warriors
  7 death yaks (Lair:5)
  2 thrashing horrors (Abyss:2)
  A tengu warrior (D:14)
  Sonja (D:12)
  Nergalle (Orc:2)
  4 skysharks
  3 wretched stars (Abyss:2)
  A shadow wraith (Abyss:2)
  11 skeletal warriors
  A glowing orange brain (D:13)
  3 sea snakes
  A flayed ghost (Abyss:2)
  Pikel (D:4)
  5 orc sorcerers
  6 deep elf pyromancers
  A wolf spider (D:13)
  5 harpies (Shoals:2)
  An obsidian bat (Orc:2)
  4 orc knights
  7 oklob plants
  11 fauns
  A worldbinder (Abyss:2)
  12 ugly things
  5 cyclopes
  A shining eye (Abyss:2)
  An iron dragon skeleton (Abyss:2)
  5 large abominations (Abyss:2)
  11 manticores
  23 elephants
  A kobold blastminer (Orc:2)
  A salamander (D:15)
  A rust devil (Abyss:2)
  6 black mambas
  An apocalypse crab (Abyss:2)
  3 merfolk sirens
  A water nymph (Shoals:2)
  An ice statue (D:9)
  A smoke demon (Abyss:2)
  3 gargoyles
  Jeremiah (Lair:1)
  6 cane toads
  An unseen horror (shapeshifter) (D:13)
  10 kobold demonologists
  12 komodo dragons
  An efreet (D:13)
  5 ice devils (D:9)
  3 wind drakes
  8 merfolk
  12 trolls
  A troll (shapeshifter) (D:13)
  A wind drake (shapeshifter) (D:13)
  A hellwing (Abyss:2)
  A polar bear (Lair:1)
  9 raiju (Abyss:2)
  7 dream sheep (Lair:5)
  5 snapping turtles
  14 blink frogs
  22 slime creatures
  2 shadows
  2 wraiths
  76 yaks
  A spriggan (Lair:3)
  3 water elementals
  Sigmund (D:2)
  2 basilisks (Lair:3)
  Grum (Lair:1)
  3 wyverns
  A golden eye (Lair:2)
  4 wargs
  2 steam dragons
  5 neqoxecs
  A vampire mosquito (D:10)
  A chaos spawn (Gauntlet)
  Menkaure (D:4)
  2 acid dragons
  14 water moccasins
  Duvessa (D:7)
  26 orc warriors
  6 ice beasts
  10 ogres
  2 sky beasts (D:7)
  5 boggarts (D:13)
  7 laughing skulls
  2 black bears
  29 wolves
  6 centaurs
  3 lemures (D:4)
  15 kobold brigands
  4 bullfrogs
  5 scorpions
  4 gnoll sergeants
  4 small abominations (Abyss:2)
  9 wights
  Dowan (D:7)
  5 howler monkeys (D:13)
  8 electric eels
  4 bombardier beetles
  The ghost of dialectric the Sneak, a weakling SpBr (D:4)
  A quasit (Abyss:2)
  14 hounds
  18 orc priests
  7 starcursed masses (Abyss:2)
  3 jellies
  Crazy Yiuf (D:6)
  A gnoll bouda (D:7)
  An iron imp (Abyss:2)
  Jessica (D:2)
  2 sleepcaps
  4 iguanas
  32 orc wizards
  5 adders
  25 gnolls
  2 hound simulacra (D:4)
  11 ufetubi
  2 dart slugs
  An adder simulacrum (D:4)
  84 orcs
  An endoplasm (D:3)
  A giant cockroach (D:2)
  8 goblins
  4 hobgoblins
  4 jackals (D:2)
  20 kobolds
  2 quokkas
  4 ball pythons
  2 bats (D:2)
  3 frilled lizards
  A quokka simulacrum (D:4)
  4 rats
  10 tentacles (Shoals:1)
892 creatures vanquished.

Vanquished Creatures (collateral kills)
  Rupert (D:13)
  A kraken (Shoals:1)
  A minotaur (Gauntlet)
  A skyshark (Shoals:1)
  A sea snake (Shoals:2)
  An ugly thing (D:15)
  A manticore (Shoals:1)
  A troll (D:13)
  A kobold brigand (D:12)
  3 orcs (Orc:2)
  A tentacle (Shoals:1)
13 creatures vanquished.

Vanquished Creatures (others)
  A deep elf pyromancer (D:13)
  A kobold brigand (D:10)
  2 orcs (Orc:2)
  A kobold (D:10)
  7 starspawn tentacles (Abyss:2)
  4 tentacles (Shoals:1)
16 creatures vanquished.

Grand Total: 921 creatures vanquished

Notes
Turn   | Place    | Note
-------+----------+-------------------------------------------
     0 | D:1      | greenreed the Minotaur Fighter began the quest for the Orb.
     0 | D:1      | Reached XP level 1. HP: 19/19 MP: 0/0
   213 | D:1      | Reached XP level 2. HP: 26/27 MP: 1/1
   385 | D:1      | Reached skill level 4 in Fighting
   664 | D:1      | Found Jeepou's Magic Scroll Shop.
   667 | D:1      | Bought a scroll of identify for 22 gold pieces
  1092 | D:2      | Noticed Jessica
  1101 | D:2      | Killed Jessica
  1102 | D:2      | Reached XP level 3. HP: 34/34 MP: 2/2
  1371 | D:2      | Noticed Sigmund
  1395 | D:2      | Killed Sigmund
  1396 | D:2      | Reached skill level 5 in Fighting
  1396 | D:2      | Reached XP level 4. HP: 21/42 MP: 3/3
  1396 | D:2      | Reached XP level 5. HP: 24/48 MP: 4/4
  2307 | D:4      | Noticed dialectric's ghost (weakling SpBr)
  2307 | D:4      | Noticed an ice beast
  2308 | D:4      | Noticed an ice beast
  2318 | D:4      | Noticed a black bear
  2363 | D:4      | Killed a black bear
  2364 | D:4      | Reached skill level 5 in Maces & Flails
  2364 | D:4      | Reached XP level 6. HP: 55/57 MP: 5/5
  2480 | D:4      | Noticed Pikel
  2628 | D:4      | Killed Pikel
  2629 | D:4      | Reached skill level 7 in Fighting
  2629 | D:4      | Reached skill level 5 in Armour
  2629 | D:4      | Reached skill level 5 in Shields
  2629 | D:4      | Reached XP level 7. HP: 45/66 MP: 6/6
  2776 | D:4      | Found a staircase to the Ecumenical Temple.
  2789 | Temple   | Entered the Ecumenical Temple
  2821 | Temple   | Became a worshipper of Makhleb the Destroyer
  2972 | D:4      | Noticed Menkaure
  2973 | D:4      | Found a blossoming altar of Fedhas.
  3025 | D:4      | Reached XP level 8. HP: 42/73 MP: 7/7
  3266 | D:4      | Reached skill level 1 in Invocations
  3306 | D:4      | Found a runed translucent gate.
  3306 | D:4      | Found a runed translucent gate.
  3306 | D:4      | Found a runed translucent gate.
  3447 | D:4      | Found an ornate altar of the Wu Jian Council.
  3447 | D:4      | Found a broken altar of Ashenzari.
  3683 | D:4      | Killed Menkaure
  3874 | D:4      | Reached skill level 8 in Fighting
  3952 | D:4      | Killed dialectric's ghost
  4002 | D:5      | Entered Level 5 of the Dungeon
  4103 | D:5      | Reached * piety under Makhleb
  4477 | D:5      | Found a radiant altar of Vehumet.
  4477 | D:5      | Found a sacrificial altar of Ru.
  4881 | D:6      | Reached XP level 9. HP: 82/82 MP: 9/9
  5034 | D:6      | Reached skill level 9 in Fighting
  5311 | D:6      | Reached ** piety under Makhleb
  5749 | D:6      | Found a sparkling altar of Nemelex Xobeh.
  6177 | D:6      | Found a runed translucent door.
  6178 | D:6      | Noticed Crazy Yiuf
  6180 | D:6      | Identified the +2 hammer "Torr" {heavy, rN++ Str+10 Int-4
                  | Stlth+}
  6187 | D:6      | Killed Crazy Yiuf
  6324 | D:7      | Found Hicaguc's Assorted Antiques.
  6332 | D:7      | Bought a runed tower shield for 202 gold pieces
  6379 | D:7      | Noticed Duvessa
  6379 | D:7      | Noticed Dowan
  6392 | D:7      | Killed Duvessa
  6398 | D:7      | Killed Dowan
  6399 | D:7      | Reached skill level 10 in Fighting
  6424 | D:7      | Reached *** piety under Makhleb
  6557 | D:7      | Reached XP level 10. HP: 93/93 MP: 11/11
  6657 | D:7      | Reached skill level 10 in Maces & Flails
  6776 | D:7      | Found Ickaor's Armour Emporium.
  7100 | D:8      | Noticed a two-headed ogre
  7110 | D:8      | Killed a two-headed ogre
  7291 | D:8      | Reached **** piety under Makhleb
  7506 | D:8      | Found a shadowy altar of Dithmenos.
  7826 | D:9      | Reached skill level 11 in Fighting
  7848 | D:9      | Noticed an ice statue
  8081 | D:9      | Found an iron altar of Okawaru.
  8081 | D:9      | Found a runed translucent door.
  8089 | D:9      | Found the +0 toga "Victory" {*Victory Clar}
  8248 | D:9      | Found a staircase to the Lair.
  8506 | D:9      | Reached skill level 5 in Invocations
  8511 | D:9      | Reached ***** piety under Makhleb
  8598 | D:9      | Reached XP level 11. HP: 92/104 MP: 13/13
  9155 | D:9      | Reached skill level 12 in Fighting
  9343 | D:10     | Entered Level 10 of the Dungeon
  9445 | D:10     | Noticed a deep elf pyromancer
  9696 | D:10     | Noticed a two-headed ogre
  9697 | D:10     | Noticed a two-headed ogre
  9698 | D:10     | Noticed a two-headed ogre
  9703 | D:10     | Noticed a two-headed ogre
  9713 | D:10     | Killed a two-headed ogre
  9944 | D:10     | Noticed an ogre mage
  9956 | D:10     | Killed an ogre mage
  9990 | D:10     | Noticed a two-headed ogre
 10003 | D:10     | Killed a two-headed ogre
 10030 | D:10     | Found a shimmering blue altar of Sif Muna.
 10054 | D:10     | Killed a two-headed ogre
 10261 | D:10     | Reached skill level 13 in Fighting
 10298 | D:10     | Killed a deep elf pyromancer
 10506 | D:10     | Killed a two-headed ogre
 10507 | D:10     | Reached skill level 10 in Armour
 10507 | D:10     | Reached skill level 10 in Shields
 10507 | D:10     | Reached XP level 12. HP: 106/115 MP: 15/15
 10631 | D:10     | Killed a two-headed ogre
 11078 | D:11     | Noticed a two-headed ogre
 11082 | D:11     | Killed a two-headed ogre
 11122 | D:11     | Found a staircase to the Orcish Mines.
 11168 | D:11     | Noticed a two-headed ogre
 11175 | D:11     | Killed a two-headed ogre
 11230 | D:11     | Noticed a two-headed ogre
 11238 | D:11     | Killed a two-headed ogre
 11665 | D:11     | Reached skill level 14 in Fighting
 11684 | D:11     | Noticed a two-headed ogre
 11697 | D:11     | Reached ****** piety under Makhleb
 11711 | D:11     | Killed a two-headed ogre
 12007 | D:12     | Noticed a two-headed ogre
 12007 | D:12     | Noticed a two-headed ogre
 12007 | D:12     | Noticed an ogre mage
 12008 | D:12     | Noticed a two-headed ogre
 12008 | D:12     | Noticed a two-headed ogre
 12021 | D:12     | Killed a two-headed ogre
 12034 | D:12     | Killed an ogre mage
 12043 | D:12     | Killed a two-headed ogre
 12050 | D:12     | Killed a two-headed ogre
 12059 | D:12     | Killed a two-headed ogre
 12237 | D:12     | Reached XP level 13. HP: 114/125 MP: 17/17
 12787 | D:12     | Noticed Sonja
 12800 | D:12     | Killed Sonja
 12976 | D:12     | Found a runed translucent gate.
 12977 | D:12     | Noticed Qonolay's ghost (journeyman DrSh)
 12977 | D:12     | Found a runed translucent gate.
 12978 | D:12     | Found a runed translucent gate.
 13051 | D:12     | Reached skill level 15 in Fighting
 13326 | D:13     | Noticed Nessos
 13386 | D:13     | Reached skill level 15 in Maces & Flails
 13400 | D:13     | Found a gate leading to a gauntlet.
 13409 | Gauntlet | Entered a Gauntlet
 13409 | Gauntlet | Found a transporter.
 13416 | Gauntlet | Found a transporter.
 13418 | Gauntlet | Found a transporter.
 13427 | Gauntlet | Found a runed translucent door.
 13429 | Gauntlet | Found a transporter.
 13431 | Gauntlet | Found a transporter.
 13433 | Gauntlet | Noticed a cacodemon
 13437 | Gauntlet | Found a runed translucent gate.
 13437 | Gauntlet | Found a runed translucent gate.
 13437 | Gauntlet | Found a runed translucent gate.
 13440 | Gauntlet | Found a transporter.
 13456 | Gauntlet | Found a transporter.
 13463 | Gauntlet | Noticed a cacodemon
 13467 | Gauntlet | Found a transporter.
 13479 | Gauntlet | Found a transporter.
 13480 | Gauntlet | Found a runed translucent door.
 13480 | Gauntlet | Found a runed translucent door.
 13484 | Gauntlet | Found a transporter.
 13484 | Gauntlet | Found a transporter.
 13512 | Gauntlet | Found a transporter.
 13512 | Gauntlet | Found a transporter.
 13564 | Gauntlet | Found a transporter.
 14015 | Gauntlet | Gained mutation: Armour fits poorly on your strangely
                  | shaped body. [a neqoxec]
 14024 | Gauntlet | Gained mutation: [You are frail. (-10% HP)] [a neqoxec]
 14034 | Gauntlet | Gained mutation: You sometimes lose your temper in combat.
                  | [a neqoxec]
 14049 | Gauntlet | Killed a cacodemon
 14063 | Gauntlet | Lost mutation: Armour fits poorly on your strangely shaped
                  | body. [potion of mutation]
 14063 | Gauntlet | Lost mutation: You sometimes lose your temper in combat.
                  | [potion of mutation]
 14063 | Gauntlet | Lost mutation: [You are frail. (-10% HP)] [potion of
                  | mutation]
 14063 | Gauntlet | Gained mutation: You are vulnerable to cold. (rC-) [potion
                  | of mutation]
 14063 | Gauntlet | Gained mutation: You have large cloven feet. [potion of
                  | mutation]
 14063 | Gauntlet | Gained mutation: You are resistant to electric shocks.
                  | (rElec) [potion of mutation]
 14064 | Gauntlet | Lost mutation: You are vulnerable to cold. (rC-) [potion of
                  | mutation]
 14064 | Gauntlet | Lost mutation: You have large cloven feet. [potion of
                  | mutation]
 14064 | Gauntlet | Gained mutation: You expend magic power (3 MP) to
                  | strengthen your wands. [potion of mutation]
 14261 | Gauntlet | Noticed a minotaur
 14275 | Gauntlet | Killed a minotaur
 14575 | D:13     | Killed Nessos
 14780 | D:13     | Found a gate to the Vaults.
 14925 | D:13     | HP: 4/128 [deep elf pyromancer/bolt of fire (34)]
 15228 | D:13     | Identified the amulet "Wueqah" {Acrobat Str+4 Slay+3}
 15400 | D:13     | Noticed Rupert
 15710 | D:13     | Reached skill level 16 in Fighting
 16169 | D:13     | Reached XP level 14. HP: 137/137 MP: 19/19
 16386 | D:13     | Killed Rupert
 16461 | D:13     | Identified the ring "Fuuffi Jite" {Fire Str+3 Int-4 Dex+3
                  | Stlth+}
 16963 | D:13     | Paralysed by an ogre mage for 2 turns
 17882 | D:15     | Entered Level 15 of the Dungeon
 18224 | D:15     | Found a staircase to the Depths.
 18595 | D:15     | Found a snail-covered altar of Cheibriados.
 18634 | D:14     | Reached skill level 17 in Fighting
 19671 | Lair:1   | Entered Level 1 of the Lair of Beasts
 19671 | Lair:1   | Noticed Jeremiah
 20114 | Lair:1   | Killed Jeremiah
 20344 | Lair:1   | Reached XP level 15. HP: 128/147 MP: 21/21
 20413 | Lair:1   | Noticed Grum
 20432 | Lair:1   | Killed Grum
 20837 | Lair:1   | Noticed Erica
 20838 | Lair:1   | Noticed Fannar
 20856 | Lair:1   | Killed Erica
 20873 | Lair:1   | Killed Fannar
 21862 | Lair:2   | Reached skill level 10 in Invocations
 22020 | Lair:2   | Found a hole to the Spider Nest.
 22228 | Lair:2   | Found a staircase to the Shoals.
 23057 | Lair:2   | Reached skill level 18 in Fighting
 24495 | Lair:4   | Found a bloodstained altar of Trog.
 24495 | Lair:4   | Noticed Beptyvonn's ghost (journeyman FeWn)
 24521 | Lair:4   | Found a transporter.
 24530 | Lair:4   | Found a transporter.
 25380 | Lair:5   | Entered Level 5 of the Lair of Beasts
 25662 | Lair:5   | Found a staircase to the Slime Pits.
 25662 | Lair:5   | Found a viscous altar of Jiyva.
 25718 | Lair:5   | Reached skill level 19 in Fighting
 26013 | Lair:5   | Noticed Xavori's ghost (journeyman DjCK)
 26027 | Lair:5   | Found a transporter.
 26031 | Lair:5   | Found a transporter.
 26222 | Lair:5   | Reached XP level 16. HP: 127/160 MP: 23/23
 26862 | Lair:5   | Identified the +4 chain mail of the Eight Friends {rN+
                  | Stlth+}
 27214 | Orc:1    | Entered Level 1 of the Orcish Mines
 27352 | Orc:2    | Entered Level 2 of the Orcish Mines
 27493 | Orc:2    | Found a roughly hewn altar of Beogh.
 27656 | Orc:2    | Noticed Nergalle
 27671 | Orc:2    | Killed Nergalle
 28144 | Orc:2    | Found a staircase to the Elven Halls.
 28145 | Orc:2    | Noticed Saint Roka
 28208 | Orc:2    | Killed Saint Roka
 28420 | Orc:2    | Found a roughly hewn altar of Beogh.
 28427 | Orc:2    | Reached skill level 15 in Armour
 28435 | Orc:2    | Reached skill level 20 in Fighting
 28457 | Orc:2    | Reached skill level 15 in Shields
 28555 | Orc:2    | Found Taul's General Store.
 28616 | Orc:2    | Found Girchirgh's Antique Armour Shop.
 28729 | Orc:2    | Found Qoolli Vopy's Book Shop.
 28743 | Orc:2    | Found Muytu Luasu's Antique Weapon Shop.
 29127 | Orc:1    | Noticed Snorg
 29138 | Orc:1    | Killed Snorg
 29191 | Orc:1    | Found a runed translucent door.
 29220 | Orc:1    | Noticed Biggs's ghost (adept CoHu)
 29322 | Orc:1    | Noticed Erolcha
 29333 | Orc:1    | Killed Erolcha
 30519 | D:12     | Killed Qonolay's ghost
 30820 | D:1      | Bought a scroll of identify for 22 gold pieces
 30820 | D:1      | Bought a scroll of identify for 22 gold pieces
 30820 | D:1      | Bought a scroll of identify for 22 gold pieces
 30820 | D:1      | Bought a scroll of identify for 22 gold pieces
 31051 | Shoals:1 | Entered Level 1 of the Shoals
 31051 | Shoals:1 | Noticed a kraken
 31773 | Shoals:1 | Killed a kraken
 33242 | Shoals:2 | Noticed Ilsuiw
 33704 | Abyss:2  | Cast into level 2 of the Abyss (merfolk impaler)
 33720 | Abyss:2  | Found a corrupted altar of Lugonu.
 33769 | Abyss:2  | Found a corrupted altar of Lugonu.
 33773 | Abyss:2  | Found a corrupted altar of Lugonu.
 33800 | Abyss:2  | Reached XP level 17. HP: 154/172 MP: 25/25
 33803 | Abyss:2  | Reached skill level 21 in Fighting
 33825 | Abyss:2  | Noticed a Hell Sentinel
 34097 | Abyss:2  | Gained mutation: You have hidden genetic defects. [a
                  | shining eye]
 34120 | Abyss:2  | Lost mutation: You have hidden genetic defects. [potion of
                  | mutation]
 34120 | Abyss:2  | Lost mutation: You expend magic power (3 MP) to strengthen
                  | your wands. [potion of mutation]
 34120 | Abyss:2  | Gained mutation: Your system is resistant to poisons.
                  | (rPois) [potion of mutation]
 34120 | Abyss:2  | Gained mutation: You are partially covered in iridescent
                  | scales. (AC +2) [potion of mutation]
 34573 | Abyss:2  | Noticed a bone dragon
 34621 | Abyss:2  | HP: 5/138 [laughing skull/bolt of negative energy (16)]
 34621 | Abyss:2  | Killed from afar by a laughing skull

Illustrated notes

Levels and vault maps discovered:
D:1:      pf_arrival_petrified_forest, layout_basic, serial_shops,
          nicolae_shop_rolled_up, minmay_tripent
D:2:      layout_loops_ring, kennysheep_decorative_pillar, fountainhead,
          uniq_jessica, uniq_sigmund
D:3:      layout_basic
D:4:      layout_basic, fedhas_altar_fruit_tree,
          chequers_temple_overflow_statue_of_worship,
          minmay_temple_entry_enclosed_plants, gammafunk_ghost_icy, uniq_pikel,
          uniq_menkaure
D:5:      layout_gridville, gammafunk_temple_overflow_wave
D:6:      minmay_octagon_keep, layout_loops_ring, lemuel_crystal_altar,
          minmay_misc_feat_room, uniq_crazy_yiuf_cottage
D:7:      layout_rooms, serial_shops, nicolae_shop_crystal,
          nicolae_shop_real_fake_doors, chequers_serial_rivers_room_b,
          uniq_duvessa
D:8:      layout_basic, mainiacjoe_overflow_catwalk
D:9:      cheibrodos_frozen_isle, layout_gridville,
          nicolae_overflow_guarded_unrand_okawaru_victory, erik_lair_island,
          hangedman_decor_lopped
D:10:     layout_roguey, minmay_ruined_shrine
D:11:     layout_roguey, david_orc_3
D:12:     layout_loops_ring, gammafunk_ghost_nasty_kobolds, uniq_sonja
D:13:     minmay_concentric_multi, layout_rooms, david_vaults_4,
          gauntlet_entry_generic, nicolae_elevator_lobby_asterisk, uniq_rupert,
          uniq_nessos
D:14:     layout_cross, minmay_crystal_room, hive_lemuel
D:15:     hangedman_depths_entry_try_elsewhere_first, layout_cave_pools,
          cheibriados_altar_1, serial_bayou, serial_bayou_lagoon_b,
          serial_bayou_shore_b, serial_bayou_pond_a, serial_bayou_pond_e
Temple:   dpeg_chambers_temple
Lair:1:   layout_gridlike, small_statue_intersection, grunt_megastairs_4,
          uniq_jeremiah, uniq_fannar, uniq_erica, uniq_grum
Lair:2:   layout_small_grid, elwin_shoals_entry_stream,
          spider_nest_entry_web_field, disabler_island
Lair:3:   wad_woods_04, layout_chaotic_city, infiniplex_staircase_pool_2,
          grunt_megastairs_3, lemuel_fruit_fields
Lair:4:   layout_cave_pods, gammafunk_ghost_wrathful_warriors,
          lemuel_fruit_fields
Lair:5:   evilmike_catoblepas_cave, layout_gridlike, slime_entry_1,
          gammafunk_ghost_hive, small_statue_intersection, dpeg_oklob_1
Shoals:1: layout_shoals, nicolae_shoals_hidden_pirate_stash
Shoals:2: layout_shoals, uniq_ilsuiw
Orc:1:    layout_diamond_mine, hellmonk_ghost_happy_afterlife,
          nicolae_orc_found_a_spring, uniq_snorg, uniq_erolcha
Orc:2:    grunt_orc_cross, layout_diamond_mine, nicolae_orc_beogh_chapel
Abyss:2:  base: D:4, base: D:7, bh_abyss_xom_lugonu_altar,
          hangedman_illusive_loot

Skill      XL: |  1  2  3  4  5  6  7  8  9 10 11 12 13 14 15 16 17 |
---------------+----------------------------------------------------+-----
Fighting       | 4 5 7 8 10 11 13 14 16 17 19 20 21 | 21.3
Maces & Flails | 3 4 5 6 8 9 11 13 14 15 17 | 17.2
Shields        | 4 5 6 7 8 10 11 12 13 14 15 | 15.9
Armour         | 4 5 6 7 8 10 11 12 13 14 15 16 | 16.0
Invocations    | 2 3 5 6 7 8 9 11 12 | 12.5

Action                     |  1- 3 |  4- 6 |  7- 9 | 10-12 | 13-15 | 16-18 || total
---------------------------+-------+-------+-------+-------+-------+-------++-------
  Melee: Flail             |    84 |    55 |       |       |       |       ||   139
         Headbutt          |     7 |    10 |    53 |   165 |   544 |   334 ||  1113
         Whip              |       |       |   321 |   622 |  1820 |   584 ||  3347
         Morningstar       |       |       |       |       |       |   530 ||   530
   Fire: Shortbow          |       |       |       |    33 |       |       ||    33
 Invoke: Minor Destruction |       |       |     4 |   106 |    34 |     5 ||   149
         Major Destruction |       |       |       |       |    26 |    13 ||    39
         Lesser Servant of |       |       |       |       |     9 |    20 ||    29
  Evoke: Wand              |       |       |       |     1 |       |     2 ||     3
         Lightning rod     |       |       |       |       |       |     3 ||     3
         Box of beasts     |       |       |       |       |       |     1 ||     1
    Use: Scroll            |     1 |     2 |     1 |     7 |     7 |    11 ||    29
         Potion            |       |       |       |       |     5 |     6 ||    11
   Stab: Distracted        |       |       |       |       |     1 |       ||     1
         Petrified         |       |       |       |       |    15 |       ||    15
 Armour: Scale mail        |    22 |       |       |       |       |       ||    22
         Chain mail        |    35 |    41 |    79 |       |   352 |   568 ||  1075
         Plate armour      |       |       |    46 |   304 |   569 |       ||   919
  Dodge: Dodged            |    35 |    14 |    57 |    50 |   167 |   121 ||   444
  Block: Buckler           |    15 |     5 |    52 |       |       |       ||    72
         Tower shield      |       |       |    54 |   349 |  1431 |   993 ||  2827
         Reflection        |       |       |       |    21 |    29 |    57 ||   107

Table legend: (Time is in decaauts)
 A = Elapsed time spent in this place.
 B = Non-inter-level travel time spent in this place.
 C = Inter-level travel time spent in this place.
 D = Time resting spent in this place.
 E = Time spent auto-exploring this place.
 F = Levels seen in this place.
 G = Mean time per level.
                   A        B        C        D        E       F      G
               +--------+--------+--------+--------+--------+-----+--------+
         Total |  33517 |  31468 |   2049 |   5763 |  18870 |  27 | 1241.4 |
       Dungeon |  19487 |  18033 |   1454 |   3162 |  10996 |  15 | 1299.1 |
        Temple |     59 |      7 |     52 |      0 |      0 |   1 |   59.0 |
          Lair |   7405 |   7035 |    370 |   1471 |   4355 |   5 | 1481.0 |
        Shoals |   1935 |   1880 |     55 |    263 |   1162 |   2 |  967.5 |
  Orcish Mines |   2745 |   2629 |    116 |    309 |   1652 |   2 | 1372.5 |
         Abyss |    879 |    879 |      0 |    111 |    315 |   1 |  879.0 |
      Gauntlet |   1003 |   1003 |      0 |    447 |    388 |   1 | 1003.0 |
               +--------+--------+--------+--------+--------+-----+--------+

Top non-repeatable levels by time:
    D:13: 2877 daAuts
  Lair:2: 2711 daAuts
     D:9: 2682 daAuts
   Orc:2: 1720 daAuts
    D:12: 1700 daAuts
     D:4: 1671 daAuts
  Lair:5: 1450 daAuts
     D:6: 1396 daAuts
Shoals:1: 1375 daAuts
  Lair:1: 1241 daAuts
    D:10: 1201 daAuts
    D:11: 1065 daAuts
    D:15: 1047 daAuts
    D:14: 1039 daAuts
   Orc:1: 1024 daAuts
